 Dungeon Crawl Stone Soup version 0.25-b1-23-ge2ad7d536c (webtiles) character file.

Game seed: 11475500926339373702, levelgen mode: deterministic

35 Masnef the Sneak (level 3, -2/16 HPs)
             Began as a Spriggan Enchanter on May 31, 2020.
             Was an Initiate of Ashenzari.
             Slain by an ice beast (4 damage)
             ... on level 6 of the Dungeon.
             The game lasted 00:15:19 (3995 turns).

Masnef the Sneak (Spriggan Enchanter)               Turns: 3995, Time: 00:15:19

Health: -2/16      AC:  3    Str:  4    XL:     3   Next: 16%
Magic:  0/8        EV: 18    Int: 17    God:    Ashenzari [......]
Gold:   158        SH:  0    Dex: 16    Spells: 1/7 levels left

rFire    + . .     SeeInvis +   k - +2 dagger (flame) (curse)
rCold    . . .     Gourm    .   (shield restricted)
rNeg     . . .     Faith    .   s - +1 robe {rF+}
rPois    .         Spirit   +   (helmet restricted)
rElec    .         Reflect  .   (no cloak)
rCorr    .         Harm     .   (gloves unavailable)
MR       .....                  (boots unavailable)
Stlth    +++.......             g - amulet of guardian spirit (curse)
HPRegen  0.05/turn              (no ring)
MPRegen  0.11/turn              (no ring)

@: confusing touch, very quick
A: very small, unfitting armour, see invisible, herbivore, speed 3, slow
metabolism 2
a: Curse Item, Renounce Religion


You were on level 6 of the Dungeon.
You worshipped Ashenzari.
Ashenzari was noncommittal.
You were not hungry.

You visited 1 branch of the dungeon, and saw 6 of its levels.

You collected 158 gold pieces.

Inventory:

Hand Weapons
 a - a +1 dagger
 c - a +1 short sword of speed
 k - a cursed +2 dagger of flaming (weapon)
Missiles
 l - 18 poisoned darts (quivered)
 u - a throwing net
Armour
 b - a +0 robe
 s - a +1 robe of fire resistance (worn)
Jewellery
 g - a cursed amulet of guardian spirit (around neck)
 o - an uncursed amulet of reflection
Wands
 p - a wand of iceblast (7)
Scrolls
 e - 5 scrolls of identify
 h - a scroll of teleportation {unknown}
 i - a scroll of random uselessness
 j - a scroll of magic mapping
 q - 4 scrolls of amnesia
Potions
 f - 3 potions of degeneration {unknown}
 m - a potion of flight {unknown}
 n - 2 potions of heal wounds {unknown}
 r - a potion of might {unknown}
 t - a potion of magic {unknown}
 v - a potion of cancellation {unknown}
 w - a potion of stabbing {unknown}
Comestibles
 d - 4 rations


   Skills:
 - Level 1.1 Short Blades
 - Level 3.0 Dodging
 + Level 6.6 Stealth
 - Level 2.6 Spellcasting
 * Level 3.7 Hexes


You had one spell level left.
You knew the following spells:

 Your Spells              Type           Power        Failure   Level  Hunger
a - Corona                Hex            ##.....      4%          1    #......
b - Ensorcelled Hibernat  Hex/Ice        #.....       13%         2    ##.....
c - Confusing Touch       Hex            ##......     12%         3    ###....

Your spell library contained the following spells:

 Spells                   Type           Power        Failure   Level  Hunger
 Tukima's Dance           Hex            ##......     12%         3    ###....
 Dazzling Flash           Conj/Hex       #.....       26%         3    ###....


Dungeon Overview and Level Annotations

Branches:
Dungeon (6/15)             Temple (0/1) D:5

Altars:
Ashenzari
Elyvilon
Fedhas
Nemelex Xobeh
Ru
Sif Muna
Vehumet

Annotations:
D:2 Natasha, Robin


Innate Abilities, Weirdness & Mutations

You are very small and have problems with some larger weapons.
You are too small for most types of armour.
You have supernaturally acute eyesight. (SInv)
You are a herbivore.
You cover ground extremely quickly.
You need to consume almost no food.


Message History

There is a stone staircase leading down here.
You hear a shout!
The phantom blinks!
You climb downwards.
There is a stone staircase leading up here.
Casting: Ensorcelled Hibernation (safe; 13% risk of failure)
Confirm with . or Enter, or press ? or * to list all spells.
You can't see any susceptible monsters within range! (Use Z to cast anyway.) Unknown command.
Casting: Ensorcelled Hibernation (safe; 13% risk of failure)
Confirm with . or Enter, or press ? or * to list all spells.
The spell is extremely dangerous to cast (12% risk of failure)!
Continue anyway?
Your hands begin to glow red.
You completely miss the ice beast. The ice beast hits you.
The ice beast freezes you.
You hit the ice beast but do no damage. The ice beast hits you.
The ice beast freezes you!
* * * LOW HITPOINT WARNING * * *
The ice beast hits you.
You die...

###....#
###..##
##...#
##....#
###<...##
####....###
#......##
##...<.Y##
#.......@#
###...###..#
##.## #....
## #....#
#.... #.##
#.# ##


You could see an ice beast.

Vanquished Creatures
  2 dart slugs (D:1)
  2 leopard geckos
  9 goblins
  4 hobgoblins (D:1)
  6 kobolds (D:1)
  A bat (D:1)
  3 rats (D:1)
27 creatures vanquished.

Vanquished Creatures (others)
  A quokka (D:5)
1 creature vanquished.

Grand Total: 28 creatures vanquished

Notes
Turn   | Place    | Note
-------+----------+-------------------------------------------
     0 | D:1      | Masnef the Spriggan Enchanter began the quest for the Orb.
     0 | D:1      | Reached XP level 1. HP: 9/9 MP: 5/5
   149 | D:1      | Reached skill level 5 in Stealth
   186 | D:1      | Reached XP level 2. HP: 13/13 MP: 6/6
   373 | D:1      | Learned a level 2 spell: Ensorcelled Hibernation
   525 | D:1      | Reached skill level 6 in Stealth
   833 | D:1      | Reached XP level 3. HP: 16/16 MP: 6/8
   838 | D:1      | Learned a level 3 spell: Confusing Touch
  1611 | D:2      | Noticed Natasha
  1958 | D:2      | Noticed Robin
  2929 | D:4      | Found a sparkling altar of Nemelex Xobeh.
  2973 | D:4      | Found a sacrificial altar of Ru.
  2982 | D:4      | Found a blossoming altar of Fedhas.
  3004 | D:4      | Found a shattered altar of Ashenzari.
  3014 | D:4      | Became a worshipper of Ashenzari the Shackled
  3402 | D:4      | Found a radiant altar of Vehumet.
  3432 | D:5      | Entered Level 5 of the Dungeon
  3640 | D:5      | Found a white marble altar of Elyvilon.
  3748 | D:6      | Noticed an ice beast
  3751 | D:5      | Noticed a centaur
  3857 | D:5      | Found a staircase to the Ecumenical Temple.
  3911 | D:5      | Found a shimmering blue altar of Sif Muna.
  3975 | D:5      | Noticed a phantom
  3995 | D:6      | Slain by an ice beast

Illustrated notes

Levels and vault maps discovered:
D:1:      lemuel_arrival_hallway, layout_basic, serial_bayou,
          serial_bayou_pond_e, serial_bayou_lagoon_a, serial_bayou_crossing,
          serial_bayou_pond_d, minmay_tall_x
D:2:      layout_basic, uniq_natasha, uniq_robin
D:3:      layout_loops_corners, minmay_misc_feat_tower
D:4:      layout_basic, overflow_temple_1_default, nicolae_ru_awakened_eye,
          fedhas_altar_2, kennysheep_mini_moat, first_ration, ashenzari_altar_1
D:5:      layout_cave_pools, gammafunk_temple_overflow_pools, elyvilon_altar_4,
          led_sif_pool, minmay_temple_entry_gardened_gates, grunt_ministairs_8
D:6:      layout_layer_cave, serial_shops, shop, minmay_bent

Skill      XL: |  1  2 |
---------------+-------+-----
Stealth        | 5 6 |  6.6
Short Blades   | |  1.1
Dodging        | |  3.0
Spellcasting   | |  2.6
Hexes          | |  3.7

Action                   || total
-------------------------++-------
Melee: Dagger            ||    80
 Cast: Ensorcelled Hiber ||     4
       Confusing Touch   ||     1
Invok: Curse Item        ||     2
  Use: Scroll            ||     7
       Potion            ||     1
 Stab: Sleeping          ||    12
       Distracted        ||     1
Armor: Robe              ||     7
Dodge: Dodged            ||   111
